 Dungeon Crawl Stone Soup version 0.31.0-9-g3a7656b989 (webtiles) character file.

Game seed: 5304915649610467749

57 EnegeticOcto the Ruffian (level 3, 16/36 HPs)
             Began as a Troll Monk on Jan 31, 2024.
             Quit the game on level 3 of the Dungeon.
             The game lasted 00:00:39 (1530 turns).

EnegeticOcto the Ruffian (Troll Monk)               Turns: 1530, Time: 00:00:40

Health: 16/36      AC:  4    Str: 19    XL:     3   Next: 73%
Magic:  2/2        EV: 10    Int:  6    God:
Gold:   127        SH:  0    Dex: 14    Spells: 2/2 levels left

rFire   . .          .
                       - Unarmed
rCold   . . .        c - orb {light}
rNeg    . . .        a - +0 robe
rPois   .            (helmet restricted)
rElec   .            (no cloak)
rCorr   .            (gloves unavailable)
SInv    .            (boots unavailable)
Will    .....        (no amulet)
Stlth   +            (no ring)
HPRegen 1.06/turn    (no ring)
MPRegen 0.08/turn

%: no passive effects
@: glowing
A: large, unfitting armour, claws 3, regeneration 1, shaggy fur 1, tough skin 1
a: no special abilities


You were on level 3 of the Dungeon.
You visited 1 branch of the dungeon, and saw 3 of its levels.

You collected 127 gold pieces.

Inventory:

Armour
 a - a +0 robe (worn)
 c - an orb of light (worn)
Scrolls
 e - a scroll of poison {unknown}
 g - a scroll of immolation {unknown}
 i - a scroll of enchant weapon {unknown}
 j - a scroll of teleportation {unknown}
 l - a scroll of identify {unknown}
 m - a scroll of silence {unknown}
 n - a scroll of fear {unknown}
Potions
 b - a potion of ambrosia
 d - a potion of might {unknown}
 f - 2 potions of curing {unknown}
 h - a potion of degeneration {unknown}
 k - a potion of mutation {unknown}


   Skills:
 + Level 2.8 Fighting
 + Level 2.8 Dodging
 * Level 4.0 Unarmed Combat


You had 2 spell levels left.
You didn't know any spells.
Your spell library was empty.

Dungeon Overview and Level Annotations

Branches:
Dungeon (3/15) Zot: 16475

Altars:


Innate Abilities, Weirdness & Mutations

You are too large for most types of armour.
You have claws for hands.
Your natural rate of healing is unusually fast.
You are covered in fur. (AC +1)
You have tough skin. (AC +1)


Message History

No target in view!
No target in view!
No target in view!
No target in view!
Done exploring.
Okay, then.
Done exploring.
(D) Dungeon
Where to? (Tab/Enter - D:2, ? - help)
There is a stone staircase leading down here.
You climb downwards.
You hear the sound of rushing water.
There is an entrance to a sewer on this level.
Hurry and find it before the portal rusts away!
The frilled lizard hisses angrily.
The hobgoblin shouts!
There is a stone staircase leading up here.
There are monsters nearby!
There are monsters nearby!
Found a pair of gloves.
An endoplasm comes into view.
The endoplasm quivers.
You claw the hobgoblin!
You kill the hobgoblin!
A ribbon worm comes into view.
The endoplasm jiggles.
The frilled lizard barely misses you.
You barely miss the frilled lizard. The frilled lizard barely misses you.
You claw the frilled lizard!
You kill the frilled lizard!
You claw the endoplasm!
You kill the endoplasm!
You see here a frilled lizard corpse.
You claw the ribbon worm!
The ribbon worm is heavily wounded.
The ribbon worm expels a string of sticky webbing.
The stream of webbing hits you but does no damage.
You are caught in a web!
You are caught in a web!
You are caught in a web!
You are caught in a web!
You are caught in a web!
You are caught in a web!
You are caught in a web!
You are caught in a web!
A ribbon worm is nearby!
You struggle to detach yourself from the web.
The ribbon worm bites you but does no damage.
The web tears apart.
The ribbon worm bites you!
You completely miss the ribbon worm.
The ribbon worm is moderately wounded.
The ribbon worm barely misses you.
You claw the ribbon worm!
The ribbon worm is severely wounded.
You claw the ribbon worm!
You kill the ribbon worm!
Your Unarmed Combat skill increases to level 4!
HP restored.
A frilled lizard comes into view.
The frilled lizard hisses angrily.
A frilled lizard is nearby!
A frilled lizard is nearby!
The frilled lizard misses you.
You claw the frilled lizard!
You kill the frilled lizard!
No target in view!
No target in view!
No target in view!
Found an escape hatch in the floor.
You now have 118 gold pieces (gained 7).
You now have 127 gold pieces (gained 9).
Found an escape hatch in the ceiling.
No target in view!
No target in view!
No target in view!
No target in view!
A kobold and a hobgoblin come into view.
The kobold shouts!
You hear a shout! x2
There are monsters nearby!
There are monsters nearby!
There are monsters nearby! 3 orcs come into view.
An orc is wielding a +1 vampiric hand axe.
The orc shouts! x2
An orc priest comes into view. It is wielding a +0 dagger.
The orc priest shouts!
The orc priest calls down the wrath of Beogh upon you.
Beogh smites you! The hobgoblin closely misses you.
The kobold hits you with a +0 club.
You are too injured to fight recklessly!
You are too injured to fight recklessly!
You are too injured to fight recklessly!
You are too injured to fight recklessly!
You are too injured to fight recklessly!
You are too injured to fight recklessly!
You hear the slow rusting of a distant drain.
The kobold hits you with a +0 club. The hobgoblin hits you.
The orc barely misses you.
The orc priest miscasts a cantrip.
The kobold hits you with a +0 club.
There is an escape hatch in the ceiling here.
Are you sure you want to abandon this character and quit the game? (Confirm with "yes".)

...†.........#.#
........######.# .#
........# #.# #.
.......## #.# ..
.......# #.# .#
......########.###.##
....................###
.......#######.gK?....#
.......# #..@.....#
.......# #ooo.....#
.....>.# #........#
......## #...o....#
.....## #........#
###### #........#
#........# ##########


You could see an orc priest, 3 orcs, a hobgoblin and a kobold.

Vanquished Creatures
  2 adders (D:2)
  A ribbon worm (D:3)
  7 endoplasms
  2 giant cockroaches
  4 hobgoblins
  A quokka (D:1)
  3 ball pythons (D:2)
  4 bats
  7 frilled lizards
  2 kobolds
  A rat (D:2)
34 creatures vanquished.

Notes
Turn   | Place    | Note
-------+----------+-------------------------------------------
     0 | D:1      | EnegeticOcto the Troll Monk began the quest for the Orb.
     0 | D:1      | Reached XP level 1. HP: 22/22 MP: 0/0
    10 | D:1      | Noticed a centaur
   360 | D:1      | Reached XP level 2. HP: 28/29 MP: 1/1
  1224 | D:2      | Reached XP level 3. HP: 36/36 MP: 2/2
  1494 | D:3      | Reached skill level 4 in Unarmed Combat
  1530 | D:3      | Quit the game

Illustrated notes

Levels and vault maps discovered:
D:1:      evilmike_arrival_come_back, layout_basic, hangedman_decor_points
D:2:      minmay_chambers_of_twos, layout_rooms
D:3:      layout_rooms, overflow_temple_1_default,
          hellmonk_okawaru_the_only_friend_you_need, gup_sewer_entry_bubbles

Skill      XL: |  1  2  3 |
---------------+----------+-----
Unarmed Combat | 4 |  4.0
Fighting       | |  2.8
Dodging        | |  2.8

Action                     || total
---------------------------++-------
  Melee: Unarmed           ||    59
 Armour: Robe              ||    25
  Dodge: Dodged            ||    28

Table legend:
 A = Kills in this place as a percentage of kills in the entire game.
 B = Kills by you in this place as a percentage of kills by you in the entire game.
 C = Kills by friends in this place as a percentage of kills by friends in the entire game.
 D = Other kills in this place as a percentage of other kills in the entire game.
 E = Experience gained in this place as a percentage of experience gained in the entire game.
 F = Experience gained in this place divided by the number of levels of this place that you have seen.
                   A       B       C       D       E      F
               +-------+-------+-------+-------+-------+----------------------
         Total | 100.0 | 100.0 |   N/A |   N/A | 100.0 |  27.3
       Dungeon | 100.0 | 100.0 |   N/A |   N/A | 100.0 |  27.3
               +-------+-------+-------+-------+-------+----------------------

Table legend: (Time is in decaauts)
 A = Elapsed time spent in this place.
 B = Non-inter-level travel time spent in this place.
 C = Inter-level travel time spent in this place.
 D = Time resting spent in this place.
 E = Time spent auto-exploring this place.
 F = Levels seen in this place.
 G = Mean time per level.
                   A        B        C        D        E       F      G
               +--------+--------+--------+--------+--------+-----+--------+
         Total |   1524 |   1397 |    127 |      0 |   1234 |   3 |  508.0 |
       Dungeon |   1524 |   1397 |    127 |      0 |   1234 |   3 |  508.0 |
               +--------+--------+--------+--------+--------+-----+--------+

Top non-repeatable levels by time:
     D:1: 979 daAuts
     D:2: 493 daAuts
     D:3: 51 daAuts
